 Dungeon Sprint DCSS version 0.30.1-1-g62c8e00024 (webtiles) character file.

Game seed: 1257206759417165637

571 boopmooplesden the Cruncher (level 7, -3/46 HPs)
             Began as a Gargoyle Gladiator on July 16, 2023.
             Was a High Priest of Trog.
             Killed from afar by an orc wizard (6 damage)
             ... with a magic dart
             ... in the Dungeon (Sprint VII: "The Pits").
             The game lasted 00:01:22 (311 turns).

boopmooplesden the Cruncher (Gargoyle Gladiator)     Turns: 311, Time: 00:01:23

Health: -3/46      AC: 15    Str: 19    XL:     7   Next: 34%
Magic:  7/7        EV: 12    Int:  9    God:    Trog [*****.]
Gold:   0          SH:  0    Dex: 11    Spells: 6/6 levels left

rFire   . . .        p - +1 quarterstaff (speed)
rCold   . . .        (shield currently unavailable)
rNeg    + . .        o - +3 scale mail
rPois   ∞            c - +0 helmet
rElec   +            (no cloak)
rCorr   .            (no gloves)
SInv    .            (no boots)
Will    .....        (no amulet) Stlth
                     (no ring)
HPRegen 0.27/turn    (no ring)
MPRegen 0.10/turn

%: no teleportation
@: on berserk cooldown, slowed, very slow
A: sickness immunity, AC +4, negative energy resistance 1, electricity
resistance, torment resistance 1, petrification resistance
a: Renounce Religion, Berserk, Trog's Hand, Brothers in Arms


You were in the Dungeon.
You worshipped Trog.
Trog was extremely pleased with you.
You visited 1 branch

Inventory:

Hand Weapons
 a - a +0 quarterstaff
 l - a +2 quarterstaff
 p - a +1 quarterstaff of speed (weapon)
Missiles
 d - 3 throwing nets (quivered)
 e - a javelin
Armour
 b - a +0 leather armour
 c - a +0 helmet (worn)
 o - a +3 scale mail (worn)
Scrolls
 k - a scroll of blinking
 n - a scroll of summoning
Potions
 f - 6 potions of curing
 g - 6 potions of heal wounds
 h - a potion of haste
 i - 4 potions of magic
 j - 3 potions of berserk rage
 m - 2 potions of invisibility


   Skills:
 + Level 6.3 Fighting
 + Level 10.5 Staves
 + Level 4.3 Throwing
 + Level 2.8 Armour
 + Level 7.8 Dodging


You had 6 spell levels left.
You didn't know any spells.
Your spell library was empty.

Dungeon Overview and Level Annotations

Branches:
Dungeon (1/1)

Altars:
Cheibriados
Dithmenos
Elyvilon
Fedhas
Gozag
Hepliaklqana
Makhleb
Nemelex Xobeh
Okawaru
Qazlal
Ru
Sif Muna
Trog
Vehumet
Wu Jian
Xom
Yredelemnul
Zin
The Shining One
Jiyva
Lugonu


Innate Abilities, Weirdness & Mutations

You are immune to sickness and miasma.
Your stone body is resilient. (AC +4)
You are immune to poison.
You resist negative energy. (rN+)
You are resistant to electric shocks. (rElec)
You are resistant to unholy torment.
You are immune to petrification.


Message History

Beogh smites you!
* * * LOW HITPOINT WARNING * * *
The gnoll closely misses you.
There is an open door, spattered with blood here.
Things that are here:
a +3 heavy spear; a +0 scale mail You closely miss the orc wizard.
You sock the orc wizard!
The orc wizard is severely wounded.
The orc wizard hits you with a +0 dagger.
* * * LOW HITPOINT WARNING * * *
You bludgeon the orc wizard!!
You kill the orc wizard!
Trog accepts your kill.
Trog appreciates your killing of a magic user.
You sock the gnoll!
The gnoll is almost dead.
You sock the gnoll!
You kill the gnoll!
Trog accepts your kill.
Trog will now gift you melee weapons as you gain piety.
A gnoll comes into view. It is wielding a +0 spear.
A magic dart appears from out of thin air!
The magic dart hits you!
* * * LOW HITPOINT WARNING * * *
You barely miss the gnoll.
The gnoll shouts!
Unknown command.
You sock the gnoll!
You kill the gnoll!
Trog accepts your kill.
You are no longer berserk.
You are exhausted.
You feel yourself slow down.
Items here: )) [ †.
The orc priest barely misses you.
You hear some strange, mumbled words.
A magic dart appears from out of thin air!
The magic dart hits you.
You die...

#.#..#####.##.....
#.#.)†...#.##.....
#.#.))...†.##.....
#.#))########...<.
#.#..'.))).##.....
#)#..#[.)).##.....
#)###########.....
#{)o....# ######
#@###...# #o# g#
#.# #.. #.. #...
####


You could see an orc priest and an orc.

Vanquished Creatures
  2 floating eyes (D)
  A kobold brigand (D)
  A gnoll sergeant (D)
  2 scorpions (D)
  A gnoll bouda (D)
  An orc wizard (D)
  7 gnolls (D)
  An orc (D)
  A bat skeleton (D)
  2 hobgoblins (D)
  A quokka skeleton (D)
  A rat (D)
21 creatures vanquished.

Notes
Turn   | Place    | Note
-------+----------+-------------------------------------------
     0 | D        | boopmooplesden the Gargoyle Gladiator began the quest for
                  | the Orb.
     0 | D        | Reached XP level 1. HP: 12/12 MP: 1/1
     8 | D        | Noticed a scorpion
    16 | D        | Killed a scorpion
    17 | D        | Reached skill level 5 in Staves
    17 | D        | Reached XP level 2. HP: 17/19 MP: 2/2
    17 | D        | Reached XP level 3. HP: 21/23 MP: 3/3
    20 | D        | Found a bloodstained altar of Trog.
    20 | D        | Found a shimmering blue altar of Sif Muna.
    20 | D        | Found a viscous altar of Jiyva.
    20 | D        | Found a hazy altar of Hepliaklqana.
    20 | D        | Found an opulent altar of Gozag.
    21 | D        | Found a glowing golden altar of the Shining One.
    21 | D        | Found a glowing silver altar of Zin.
    21 | D        | Found a basalt altar of Yredelemnul.
    21 | D        | Found a shimmering altar of Xom.
    21 | D        | Found an ornate altar of the Wu Jian Council.
    21 | D        | Found a sacrificial altar of Ru.
    21 | D        | Found a stormy altar of Qazlal.
    21 | D        | Found an iron altar of Okawaru.
    21 | D        | Found a sparkling altar of Nemelex Xobeh.
    21 | D        | Found a burning altar of Makhleb.
    21 | D        | Found a blossoming altar of Fedhas.
    21 | D        | Found a white marble altar of Elyvilon.
    21 | D        | Found a shadowy altar of Dithmenos.
    21 | D        | Found a snail-covered altar of Cheibriados.
    23 | D        | Found a corrupted altar of Lugonu.
    23 | D        | Found a radiant altar of Vehumet.
    24 | D        | Became a worshipper of Trog the Wrathful
    55 | D        | Noticed a scorpion
    59 | D        | Killed a scorpion
    60 | D        | Reached skill level 6 in Staves
    60 | D        | Reached skill level 5 in Dodging
    60 | D        | Reached XP level 4. HP: 25/29 MP: 4/4
    61 | D        | Reached XP level 5. HP: 28/33 MP: 5/5
    69 | D        | Noticed a floating eye
    71 | D        | Killed a floating eye
    71 | D        | Reached * piety under Trog
    72 | D        | Reached skill level 8 in Staves
    72 | D        | Reached skill level 1 in Armour
    77 | D        | Noticed a floating eye
    81 | D        | Killed a floating eye
    82 | D        | Reached skill level 5 in Fighting
    82 | D        | Reached skill level 9 in Staves
    82 | D        | Reached XP level 6. HP: 23/40 MP: 6/6
    83 | D        | Reached ** piety under Trog
    92 | D        | Reached *** piety under Trog
   289 | D        | Reached **** piety under Trog
   298 | D        | Reached skill level 10 in Staves
   298 | D        | Reached XP level 7. HP: 38/46 MP: 7/7
   307 | D        | Reached ***** piety under Trog
   311 | D        | Killed from afar by an orc wizard

Illustrated notes

Levels and vault maps discovered:
D:        pitsprint [storerooms_1, entrance_room_1, metal_vault_2, armoury_2,
          mini_pit_1, grid_room_1, main_hall_1, silver_pit, the_coven_3,
          the_vestibule_1, steel_vault_3, golden_pit, hallway_of_sentries,
          crystal_vault_2, iron_vault_2, final_vault]

Skill      XL: |  1  2  3  4  5  6 |
---------------+-------------------+-----
Fighting       | 3 4 5 6 |  6.3
Staves         | 5 6 9 10 | 10.5
Throwing       | 2 3 4 |  4.3
Dodging        | 4 5 7 |  7.8
Armour         | 1 2 |  2.8

Action                     |  1- 3 |  4- 6 |  7- 9 || total
---------------------------+-------+-------+-------++-------
  Melee: Quarterstaff      |    13 |    29 |    10 ||    52
 Invoke: Berserk           |       |     2 |       ||     2
 Armour: Leather armour    |     6 |     3 |       ||     9
         Scale mail        |       |     1 |     1 ||     2
  Dodge: Dodged            |     9 |    19 |     2 ||    30
